cohdb
Replays
Latest Replays
All Replays
Popular Replays
Top Player Replays
Match Explorer
How It Works
Community
CoH3 Stats
Reddit
Sign in to upload your games and track your stats! →
Sign in with Steam
Match 40723005
Unlisted
Match 40723005
Overview
Messages
Build Orders
End
Panzergrenadier Squad
Selects Italian Infantry
Kradschützen Motorcycle Team
Panzergrenadier Squad
Construct Light Support Kompanie
2.5-tonne Medical Truck
MG34 Team
Selects Guastatori Squad
Selects L6/40 Light Tank Combat Group
L6/40 Light Tank Combat Group
Guastatori Squad
Construct Mechanized Kompanie
Selects Sound the Alarm
Selects Territory Booby Traps
Selects Sound the Alarm
Selects Prepared Positions
MG34 Team
Construct Panzerarmee Kommand
Selects Towed Cannone da 105/28 Field Howitzer
Armored Reserves
Guastatori Squad
Tiger Heavy Tank
Selects Obice 305mm Barrage
Selects Obice 305mm Barrage
Kurtz
Sarmynation
$kaffa Johnson
$kaffa soldier
0
0
Comments
sign in to comment!
No comments posted yet!